 Dungeon Crawl Stone Soup version 0.29.0-4-gdea44cf6ec (webtiles) character file.

Game seed: 16635307722318815564

16 qw the Chopper (level 2, -2/17 HPs)
             Began as a Tengu Warper on Aug 29, 2022.
             Slain by Sigmund
             ... wielding a +0 scythe
              (6 damage)
             ... on level 2 of the Dungeon.
             The game lasted 00:00:31 (668 turns).

qw the Chopper (Tengu Warper)                        Turns: 668, Time: 00:00:32

Health: -2/17      AC:  3    Str: 11    XL:     2   Next: 58%
Magic:  6/6        EV: 11    Int: 13    God:
Gold:   23         SH:  0    Dex: 13    Spells: 5/5 levels left

rFire   + . .      SeeInvis .   Y - +0 hand axe (freeze)
rCold   . . .      Faith    .   (no shield)
rNeg    . . .      Spirit   .   b - +0 leather armour
rPois   .          Reflect  .   (helmet restricted)
rElec   .          Harm     .   (no cloak)
rCorr   .          Rampage  .   (no gloves)
Will    .....                   (boots unavailable)
Stlth   +.........              (no amulet)
HPRegen 0.05/turn               f - ring of protection from fire
MPRegen 0.10/turn               (no ring)

@: no status effects
A: beak, talons 3
a: no special abilities


You were on level 2 of the Dungeon.
You visited 1 branch of the dungeon, and saw 2 of its levels.

You collected 23 gold pieces.


Innate Abilities, Weirdness & Mutations

You have a beak for a mouth.
You have claws for feet.


   Skills:
 - Level 2.0 Fighting
 + Level 3.4 Axes
 - Level 1.0 Throwing
 - Level 1.1 Armour
 - Level 2.1 Dodging
 - Level 2.0 Spellcasting
 - Level 2.4 Translocations


You had 5 spell levels left.
You didn't know any spells.
Your spell library contained the following spells:

 Spells                   Type           Power      Damage    Failure   Level
 Blink                    Tloc           14%        N/A       19%         2
 Gell's Gravitas          Tloc           7%         N/A       36%         3
 Lesser Beckoning         Tloc           7%         N/A       36%         3
 Teleport Other           Tloc           7%         N/A       36%         3
 Manifold Assault         Tloc           7%         N/A       98%         5

Inventory:

Hand Weapons
 e - a +0 club
 Y - a +0 hand axe of freezing (weapon)
Armour
 b - a +0 leather armour (worn)
Jewellery
 f - a ring of protection from fire (left hand)
Scrolls
 c - a scroll of summoning {unknown}
 d - a scroll of identify {unknown}
Potions
 a - a potion of mutation {unknown}
 g - a potion of curing {unknown}
 h - a potion of ambrosia {unknown}

Dungeon Overview and Level Annotations

Branches:
Dungeon (2/15)

Altars:

Annotations:
D:2 Robin, Sigmund


Message History

Enter note:
a - a bubbling silvery potion You open the door.
There is an open door here.
c - a scroll labelled TUGRAKKEQUR
Enter note:
Enter note:
d - a scroll labelled COSTRI TODETUJ
Enter note: A worm comes into view.
You hit the worm. You freeze the worm. You peck the worm, but do no damage.
The worm is moderately wounded.
The worm misses you.
You hit the worm. You freeze the worm. You claw the worm. You peck the worm.
The worm is almost dead.
You hit the worm. You freeze the worm.
You kill the worm!
g - a grey potion
Found a stone staircase leading up.
Enter note: As you open the door, it creaks loudly! 2 goblins come into view.
The goblin shouts! x2; You hear a shout! x3
Sigmund the Dreaded comes into view.
He is wielding a +0 scythe.
A goblin comes into view. It is wielding a +0 club.
A hobgoblin comes into view.
664 ||| Stepping ~*~*~tactically~*~*~ (stealth).
Robin of the Strong Arm comes into view.
They are wielding a +0 whip and carrying a wand of roots (4).
Sigmund hits you from afar with a +0 scythe!
Ouch! That really hurt!
The goblin shouts!
You hear a shout! x2
Sigmund hits you with a +0 scythe.
You closely miss Sigmund.
Robin roars a battlecry!
The goblins go into a battle-frenzy!
A goblin comes into view. It is wielding a +0 club.
You hit Sigmund. You freeze Sigmund. You claw Sigmund.
Sigmund is moderately wounded.
Sigmund hits you with a +0 scythe.
You die...

## #### #. ..#
#.##############@#
..#............#@# .##
#.#.###..#####.#.#.....
#................'......
....###.#####.####......
#.#.....# #.# .g..##
#.#..##.... ..# #g...
..#..##.######< g...
####.##.# # .g.
......#.# ..


You could see Sigmund, Robin, a hobgoblin (strong) and 2 goblins.

Vanquished Creatures
  A worm (D:2)
  2 hobgoblins
  A quokka (D:2)
  2 ball pythons
  4 frilled lizards (D:1)
  3 kobolds
  2 rats (D:1)
15 creatures vanquished.

Notes
Turn   | Place    | Note
-------+----------+-------------------------------------------
     0 | D:1      | qw the Tengu Warper began the quest for the Orb.
     0 | D:1      | Reached XP level 1. HP: 12/12 MP: 4/4
     0 | D:1      | 0 ||| qw: Version: 0.1-a-89-g26bdef1
     0 | D:1      | 0 ||| qw: Game counter: 3602
     0 | D:1      | 0 ||| qw: Always use a shield: true
     0 | D:1      | 0 ||| qw: God list: Okawaru
     0 | D:1      | 0 ||| qw: Allow faded altars: false
     0 | D:1      | 0 ||| qw: Do Orc after D:15 true
     0 | D:1      | 0 ||| qw: Do second Lair branch before Depths: true
     0 | D:1      | 0 ||| qw: Lair rune preference: random
     0 | D:1      | 0 ||| qw: Plans: Normal
     0 | D:1      | 0 ||| PLANNING D:1-11
   349 | D:1      | Reached XP level 2. HP: 17/17 MP: 6/6
   381 | D:1      | Reached skill level 3 in Axes
   515 | D:1      | 515 ||| UPGRADING to ring of protection from fire.
   516 | D:1      | 516 ||| READING scroll labelled NOUTZO CIMI.
   517 | D:1      | 517 ||| DRINKING 2 pink potions.
   518 | D:1      | 518 ||| DROPPING scroll of blinking.
   519 | D:1      | 519 ||| DROPPING potion of brilliance.
   552 | D:2      | 552 ||| Stepping ~*~*~tactically~*~*~ (stealth).
   554 | D:2      | 554 ||| Stepping ~*~*~tactically~*~*~ (stealth).
   663 | D:2      | Noticed Sigmund
   664 | D:2      | 664 ||| Stepping ~*~*~tactically~*~*~ (stealth).
   665 | D:2      | Noticed Robin
   666 | D:2      | HP: 4/17 [Sigmund/+0 scythe (3)]
   668 | D:2      | Slain by Sigmund

Levels and vault maps discovered:
D:1:      saegor_arrival_simple_e, layout_basic
D:2:      layout_basic, uniq_robin, uniq_sigmund

Skill      XL: |  1  2 |
---------------+-------+-----
Axes           | 3 |  3.4
Fighting       | |  2.0
Throwing       | |  1.0
Armour         | |  1.1
Dodging        | |  2.1
Spellcasting   | |  2.0
Translocations | |  2.4

Action                   || total
-------------------------++-------
Melee: Hand axe          ||    30
       Kick              ||     6
       Peck              ||     4
Throw: Boomerang         ||     7
  Use: Scroll            ||     1
       Potion            ||     1
Armor: Leather armour    ||     4
Dodge: Dodged            ||    11

Table legend:
 A = Non-vault XP
 B = Vault XP
 C = Vault XP percentage of total XP
 D = Non-vault monster count
 E = Vault monster count
 F = Vault count percentage of total count
                 A         B        C        D         E       F
            +---------+---------+-------+---------+---------+-------
      Total |      24 |       0 |   0.0 |      15 |       0 |   0.0
            +---------+---------+-------+---------+---------+-------
        D:1 |      12 |       0 |   0.0 |      10 |       0 |   0.0
        D:2 |      12 |       0 |   0.0 |       5 |       0 |   0.0
            +---------+---------+-------+---------+---------+-------
